 Dungeon Crawl Stone Soup version 0.29-a0-422-gafbd6decc1 (webtiles) character file.

Game seed: 12873989355327131104

7 bladeefan the Skirmisher (level 1, -2/18 HPs)
             Began as a Demonspawn Chaos Knight on May 18, 2022.
             Was a Plaything of Xom.
             Slain by a troll (shapeshifter) (18 damage)
             ... on level 1 of the Dungeon.
             The game lasted 00:00:35 (139 turns).

bladeefan the Skirmisher (Demonspawn Chaos Knight)   Turns: 139, Time: 00:00:36

Health: -2/18      AC:  5    Str: 12    XL:     1   Next: 83%
Magic:  1/1        EV: 11    Int: 13    God:    Xom [..*...]
Gold:   0          SH:  0    Dex: 12    Spells: 0/0 levels left

rFire   . . .      SeeInvis .   a - +0 hand axe (chaos)
rCold   . . .      Faith    .   (no shield)
rNeg    . . .      Spirit   .   b - +2 leather armour
rPois   .          Reflect  .   (no helmet)
rElec   .          Harm     .   (no cloak)
rCorr   .          Rampage  .   (no gloves)
Will    .....                   (no boots)
Stlth   +.........              (no amulet)
HPRegen 0.06/turn               (no ring)
MPRegen 0.07/turn               (no ring)

@: brilliant
A: no striking features
a: Renounce Religion


You were on level 1 of the Dungeon.
You worshipped Xom.
You were a toy of Xom.
You visited 1 branch of the dungeon, and saw 1 of its levels.

Inventory:

Hand Weapons
 a - a +0 hand axe of chaos (weapon)
Armour
 b - a +2 leather armour (worn)
Scrolls
 d - a scroll of fog {unknown}
 f - a scroll of identify {unknown}
Potions
 e - 2 potions of heal wounds {unknown}
Miscellaneous
 c - a piece from Xom's chessboard (15/15) (quivered)


   Skills:
 * Level 3.2 Fighting
 + Level 2.8 Axes
 + Level 1.9 Armour
 + Level 1.1 Dodging


You couldn't memorise any spells.
You didn't know any spells.
Your spell library was empty.

Dungeon Overview and Level Annotations

Branches:
Dungeon (1/15)

Altars:


Message History

No target in view!
e - 2 murky ruby potions (gained 1)
Found 8 stones.
A frilled lizard comes into view.
A frilled lizard is nearby!
A frilled lizard is nearby!
The frilled lizard hisses angrily.
Xom smiles on you.
You feel clever all of a sudden.
You hit the frilled lizard.
You kill the frilled lizard!
No target in view!
No target in view!
No target in view!
No target in view!
No target in view!
No target in view!
No target in view!
No target in view!
No target in view!
No target in view!
No target in view!
No target in view!
You open the door.
Found 17 gold pieces.
A dart slug comes into view.
The dart slug launches a dart at you.
The slug dart hits you but does no damage.
A dart slug is nearby!
A dart slug is nearby!
A dart slug is nearby!
A goblin comes into view. It is wielding a +0 club.
The goblin shouts!
The dart slug launches a dart at you. The slug dart hits you.
You hit the goblin. You freeze the goblin.
You kill the goblin!
Found 15 gold pieces.
You hit the dart slug.
The dart slug seems to grow stronger.
Xom is highly amused!
The dart slug barely misses you.
A dart slug is nearby!
A dart slug is nearby!
You hit the dart slug.
The dart slug changes into a shapeshifter!
The shapeshifter changes into a troll!
You completely miss the troll. The troll bites you!!
Ouch! That really hurt!
You die...
Xom is highly amused!

.....######.......##########
####......................(#
############......#####.#
_......†.......#.#
##.....#....##.#.#
###.....#....#....#
........#......####
$........#'#####
......T@.#$# ........)#.#
.........#.# .........#.#
.........#.# ...#####.#..
### #.# #.#


You could see a troll shaped shifter.

Vanquished Creatures
  An endoplasm (D:1)
  A giant cockroach (D:1)
  A quokka (D:1)
  2 frilled lizards (D:1)
  A goblin (D:1)
  A rat (D:1)
7 creatures vanquished.

Notes
Turn   | Place    | Note
-------+----------+-------------------------------------------
     0 | D:1      | bladeefan the Demonspawn Chaos Knight began the quest for
                  | the Orb.
     0 | D:1      | Reached XP level 1. HP: 18/18 MP: 1/1
    53 | D:1      | Reached skill level 1 in Dodging
   110 | D:1      | Found a faded altar of an unknown god.
   119 | D:1      | XOM: potion effect (brilliance)
   138 | D:1      | Noticed a shapeshifter
   138 | D:1      | a dart slug changed into a shapeshifter
   138 | D:1      | Noticed a troll
   138 | D:1      | a shapeshifter changed into a troll
   139 | D:1      | Slain by a troll (shapeshifter)

Illustrated notes

Levels and vault maps discovered:
D:1:      psy_arrival_basics, layout_basic, basic_ecumenical_altar

Skill      XL: |  1 |
---------------+----+-----
Dodging        | 1 |  1.1
Fighting       | |  3.2
Axes           | |  2.8
Armour         | |  1.9

Action                   || total
-------------------------++-------
Melee: Hand axe          ||    20
Armor: Leather armour    ||     4
Dodge: Dodged            ||    11

Table legend: (Time is in decaauts)
 A = Elapsed time spent in this place.
 B = Non-inter-level travel time spent in this place.
 C = Inter-level travel time spent in this place.
 D = Time resting spent in this place.
 E = Time spent auto-exploring this place.
 F = Levels seen in this place.
 G = Mean time per level.
                   A        B        C        D        E       F      G
               +--------+--------+--------+--------+--------+-----+--------+
         Total |    142 |    142 |      0 |      0 |     88 |   1 |  142.0 |
       Dungeon |    142 |    142 |      0 |      0 |     88 |   1 |  142.0 |
               +--------+--------+--------+--------+--------+-----+--------+

Top non-repeatable levels by time:
     D:1: 142 daAuts
